 Dungeon Crawl Stone Soup version 0.25-a0-287-g56a5b49 (webtiles) character file.

Game seed: 9042810566040797212, levelgen mode: deterministic

57 FruityBerryJuice the Skirmisher (level 3, 0/33 HPs)
             Began as a Draconian Berserker on Dec 12, 2019.
             Was a Follower of Trog.
             Succumbed to a worker ant's poison
             ... on level 4 of the Dungeon.
             The game lasted 00:03:54 (1117 turns).

FruityBerryJuice the Skirmisher (DrBe)              Turns: 1117, Time: 00:03:54

Health: 0/33       AC:  5    Str: 19    XL:     3   Next: 73%
Magic:  3/3        EV: 13    Int:  7    God:    Trog [*.....]
Gold:   34         SH:  0    Dex: 11    Spells: 2/2 levels left

rFire    + . .     SeeInvis .   a - +0 mace
rCold    + . .     Gourm    .   (no shield)
rNeg     . . .     Faith    .   (armour unavailable)
rPois    +         Spirit   .   (helmet restricted)
rElec    +         Reflect  .   (no cloak)
rCorr    +         Harm     .   (no gloves)
MR       .....                  (no boots)
Stlth    +.........             (no amulet)
HPRegen  0.11/turn              (no ring)
MPRegen  0.08/turn              (no ring)

@: lethally poisoned (0 -> -12), resistant
A: unfitting armour, cold-blooded, AC +5
a: Berserk, Renounce Religion


You were on level 4 of the Dungeon.
You worshipped Trog.
Trog was aware of your devotion.
You were not hungry.

You visited 1 branch of the dungeon, and saw 4 of its levels.

You collected 34 gold pieces.

Inventory:

Hand Weapons
 a - a +0 mace (weapon)
Scrolls
 c - a scroll of enchant armour {unknown}
 d - 2 scrolls of enchant weapon {unknown}
 e - a scroll of remove curse {unknown}
 f - a scroll of identify {unknown}


   Skills:
 + Level 4.0 Fighting
 + Level 3.7 Maces & Flails
 + Level 3.2 Dodging


You had 2 spell levels left.
You didn't know any spells.
Your spell library was empty.

Dungeon Overview and Level Annotations

Branches:
Dungeon (4/15)
 Temple: D:4-7

Altars:

Portals:
Sewer: D:3


Innate Abilities, Weirdness & Mutations

Your plain brown scales are hard. (AC +5)
You cannot fit into any form of body armour.
You are cold-blooded and may be slowed by cold attacks.


Message History

You kill the worker ant!
Trog accepts your kill.
Your Fighting skill increases to level 4!
* * * LOW HITPOINT WARNING * * *
You feel sick.
You hear the slow hiss of a distant avalanche of sand.
* * * LOW HITPOINT WARNING * * *
You feel sick.
You see here a worker ant corpse.
* * * LOW HITPOINT WARNING * * *
You feel sick.
Found a ration.
You eat the ration.
That ration really hit the spot!
* * * LOW HITPOINT WARNING * * *
You feel sick.
Unknown command.
Unknown command.
Unknown command.
Unknown command.
You die...

.....................#.
#......................
#.....................<
................>....#
#...................#
#..#................#
#..†.................
#.#..#.............#.
...#.@##.....#....†...
#####..#####.#########.
#..# #... #. ..## ####.
#. ...# #l ##... #. #%.
.. ..# ..


There were no monsters in sight!

Vanquished Creatures
  A worker ant (D:4)
  An adder (D:3)
  An ooze (D:1)
  A dart slug (D:2)
  2 leopard geckos
  3 giant cockroaches
  3 goblins
  A hobgoblin (D:3)
  A kobold (D:1)
  2 rats (D:2)
16 creatures vanquished.

Notes
Turn   | Place    | Note
-------+----------+-------------------------------------------
     0 | D:1      | FruityBerryJuice the Draconian Berserker began the quest
                  | for the Orb.
     0 | D:1      | Reached XP level 1. HP: 19/19 MP: 1/1
   153 | D:2      | Reached XP level 2. HP: 19/26 MP: 2/2
   641 | D:3      | Reached XP level 3. HP: 11/33 MP: 3/3
   919 | D:3      | Found a glowing drain.
  1113 | D:4      | Reached skill level 4 in Fighting
  1116 | D:4      | HP: 1/33 [poisoned by a worker ant]
  1117 | D:4      | Succumbed to a worker ant's poison

Levels and vault maps discovered:
D:1:      psy_arrival_radial02, layout_basic, minmay_pentomino_u4
D:2:      layout_basic, nicolae_overflow_crystal_walls,
          minmay_misc_feat_enclosed, ebering_dispersal_statue_hall,
          lightli_corner_chamber
D:3:      layout_rooms, marbit_many_paths, portal_sewer_entry_d,
          serial_co_window_serial, co_window_corner_a, co_window_paths_a,
          co_window_of_opportunity_a, co_window_of_opportunity_a,
          co_window_corner_a, co_window_corner_ca, co_window_corner_cb,
          co_window_broadway_c, co_window_broadway_a, glass_columns_b,
          glass_columns_c, glass_columns_a, glass_columns_b, glass_columns_b,
          uniq_grinder
D:4:      layout_rooms, grunt_gozag_statues, nicolae_ossuary_entry_monument,
          serial_shops, shop, first_ration

Skill      XL: |  1  2  3 |
---------------+----------+-----
Dodging        | 3 |  3.2
Fighting       | 4 |  4.0
Maces & Flails | |  3.7

Action                   || total
-------------------------++-------
Melee: Mace              ||    52
       Tailslap          ||     2
  Use: Potion            ||     1
  Eat: Ration            ||     1
Armor: Skin              ||    17
Dodge: Dodged            ||    38

Table legend:
 A = Non-vault XP
 B = Vault XP
 C = Vault XP percentage of total XP
 D = Non-vault monster count
 E = Vault monster count
 F = Vault count percentage of total count
                 A         B        C        D         E       F
            +---------+---------+-------+---------+---------+-------
      Total |      69 |      13 |  15.9 |      15 |       1 |   6.2
            +---------+---------+-------+---------+---------+-------
        D:1 |       8 |       0 |   0.0 |       2 |       0 |   0.0
        D:2 |      17 |       0 |   0.0 |       8 |       0 |   0.0
        D:3 |       5 |      13 |  72.2 |       3 |       1 |  25.0
        D:4 |      39 |       0 |   0.0 |       2 |       0 |   0.0
            +---------+---------+-------+---------+---------+-------
